 Dungeon Crawl Stone Soup version 0.30.0-10-gfe55d96785 (webtiles) character file.

Game seed: 9667336218070769439

32 freelancePsychic the Chiller (level 3, 16/26 HPs)
             Began as a Demonspawn Ice Elementalist on May 14, 2023.
             Quit the game on level 1 of the Dungeon.
             The game lasted 00:01:19 (713 turns).

freelancePsychic the Chiller (DsIE)                  Turns: 713, Time: 00:01:19

Health: 16/26      AC:  2    Str:  8    XL:     3   Next: 8%
Magic:  6/6        EV: 12    Int: 18    God:
Gold:   49         SH:  4    Dex: 13    Spells: 5/6 levels left

rFire   . . .        c - +0 dagger
rCold   . . .        (no shield)
rNeg    . . .        a - +0 robe
rPois   .            (no helmet)
rElec   .            (no cloak)
rCorr   .            (no gloves)
SInv    .            (no boots)
Will    .....        (no amulet)
Stlth   ++           (no ring)
HPRegen 0.24/turn    (no ring)
MPRegen 0.10/turn

%: no passive effects
@: no status effects
A: condensation shield, weakness stinger 1
a: no special abilities


You were on level 1 of the Dungeon.
You visited 1 branch of the dungeon, and saw 1 of its levels.

You collected 49 gold pieces.

Inventory:

Hand Weapons
 c - a +0 dagger (weapon)
Armour
 a - a +0 robe (worn)
Scrolls
 d - a scroll of teleportation {unknown}
 e - a scroll of immolation {unknown}
Potions
 b - a potion of magic


   Skills:
 + Level 1.1 Fighting
 - Level 1.7 Dodging
 + Level 2.3 Stealth
 - Level 2.0 Spellcasting
 * Level 4.1 Ice Magic


You had 5 spell levels left.
You knew the following spells:

 Your Spells              Type           Power      Damage    Failure   Level
a - Freeze                Ice            64%        1d7       3%          1

Your spell library contained the following spells:

 Spells                   Type           Power      Damage    Failure   Level
 Frozen Ramparts          Ice            32%        1d5       10%         3
 Ozocubu's Armour         Ice            16%        N/A       10%         3
 Summon Ice Beast         Ice/Summ       9%         N/A       61%         4


Dungeon Overview and Level Annotations

Branches:
Dungeon (1/15)

Altars:


Innate Abilities, Weirdness & Mutations

A meltable shield of frost defends you. (SH +4)
You have a small tail.


Message History

There are monsters nearby!
A goblin comes into view. It is wielding a +0 dagger.
Found a spear.
The goblin shouts!
A bat comes into view.
Found a scroll labelled BAFIBA SEYDDACRO.
You barely miss the goblin. The goblin completely misses you.
You closely miss the goblin.
The goblin shouts! x2
The goblin hits you with a +0 dagger.
You closely miss the goblin.
Your tail-slap misses the goblin.
The goblin hits you with a +0 dagger.
You barely miss the goblin. You block the goblin's attack.
The goblin misses you.
You hit the goblin but do no damage. The goblin hits you with a +0 dagger.
The goblin closely misses you.
You barely miss the goblin. The goblin hits you but does no damage.
The goblin barely misses you.
You barely miss the goblin. The goblin hits you with a +0 dagger.
The goblin misses you.
You hit the goblin but do no damage.
Your tail-slap misses the goblin.
The goblin hits you with a +0 dagger. x2; The goblin barely misses you.
You are too injured to fight recklessly!
You are too injured to fight recklessly!
You are too injured to fight recklessly!
You are too injured to fight recklessly!
You are too injured to fight recklessly!
You are too injured to fight recklessly!
You are too injured to fight recklessly!
You are too injured to fight recklessly!
You are too injured to fight recklessly!
You are too injured to fight recklessly!
You are too injured to fight recklessly!
You are too injured to fight recklessly!
You are too injured to fight recklessly!
You are too injured to fight recklessly!
You are too injured to fight recklessly!
Autopickup is now off.
Unknown command.
Are you sure you want to abandon this character and quit the game? (Confirm with "yes".)

.. ........ #.. #...## # #
#.. #...# .#
#.##.###...###..#
..............b.#
............###.###
.)..............[..
###...........#
#rg@##........+ #####...
#...gg##........#
.......###?......##........#
.........###...............#
......... ###.............#
### .......###
###...........# #..
.........###
.....###'##+#####.#
...........#
#.....###.##.#.....#
..†.†.......
###.....#.##.#.#####


You could see 3 goblins and a rat.

Vanquished Creatures
  2 dart slugs (D:1)
  An endoplasm (D:1)
  3 giant cockroaches (D:1)
  A goblin (D:1)
  3 hobgoblins (D:1)
  4 jackals (D:1)
  A quokka (D:1)
  A ball python (D:1)
  3 bats (D:1)
  2 frilled lizards (D:1)
  2 kobolds (D:1)
  2 rats (D:1)
25 creatures vanquished.

Notes
Turn   | Place    | Note
-------+----------+-------------------------------------------
     0 | D:1      | freelancePsychic the Demonspawn Ice Elementalist began the
                  | quest for the Orb.
     0 | D:1      | Reached XP level 1. HP: 13/13 MP: 3/3
   218 | D:1      | Gained mutation: A meltable shield of frost defends you.
                  | (SH +4) [demonic ancestry]
   218 | D:1      | Reached XP level 2. HP: 18/20 MP: 0/5
   444 | D:1      | Reached skill level 4 in Ice Magic
   597 | D:1      | Reached skill level 1 in Fighting
   685 | D:1      | Gained mutation: You have a small tail. [demonic ancestry]
   685 | D:1      | Reached XP level 3. HP: 26/26 MP: 6/6
   713 | D:1      | Quit the game

Illustrated notes

Levels and vault maps discovered:
D:1:      minmay_arrival_hallway, layout_basic,
          hellmonk_ecumenical_altar_watching_god, minmay_unequal

Skill      XL: |  1  2 |
---------------+-------+-----
Stealth        | 2 |  2.3
Ice Magic      | 4 |  4.1
Fighting       | 1 |  1.1
Dodging        | |  1.7
Spellcasting   | |  2.0

Action                     || total
---------------------------++-------
  Melee: Unarmed           ||     9
         Dagger            ||    49
   Cast: Freeze            ||    21
   Stab: Sleeping          ||     4
 Armour: Robe              ||    15
  Dodge: Dodged            ||    46
  Block: Other             ||    14
